 Dungeon Crawl Stone Soup version 0.21.1-1-g345015f (webtiles) character file.

173 tyranidshit the Skirmisher (level 5, -2/45 HPs)
             Began as a Demonspawn Abyssal Knight on July 25, 2018.
             Was a Priest of Lugonu.
             Shot with an arrow by a centaur (8 damage)
             ... on level 4 of the Dungeon.
             The game lasted 00:06:49 (2047 turns).

tyranidshit the Skirmisher (DsAK)                   Turns: 2047, Time: 00:06:50

Health: -2/45      AC:  8    Str: 14    XL:     5   Next: 28%
Magic:  6/6        EV:  6    Int: 13    God:    Lugonu [***...]
Gold:   168        SH:  0    Dex: 12    Spells: 4/4 levels left

rFire    . . .     SeeInvis .   h - +1 battleaxe
rCold    . . .     Gourm    .   (shield currently unavailable)
rNeg     . . .     Faith    .   k - +0 chain mail
rPois    .         Spirit   .   (helmet restricted)
rElec    .         Reflect  .   (no cloak)
rCorr    .         Harm     +   (no gloves)
MR       .....                  (no boots)
Stlth    ..........             j - amulet of harm
HPRegen  0.15/turn              d - +2 ring of slaying
MPRegen  0.10/turn              (no ring)

@: very slightly contaminated, hasted, very quick
A: horns 1, talons 1, powered by pain 1, wild magic 1
a: Depart the Abyss, Bend Space, Banish, Renounce Religion


You were on level 4 of the Dungeon.
You worshipped Lugonu.
Lugonu was most pleased with you.
You were not hungry.

You visited 1 branch of the dungeon, and saw 4 of its levels.
You visited the Abyss 1 time.

You collected 168 gold pieces.

Inventory:

Hand Weapons
 a - a +1 hand axe
 h - a +1 battleaxe (weapon)
 i - a +0 war axe
Armour
 k - a +0 chain mail (worn)
Magical Staves
 l - an uncursed staff of death {unknown}
Jewellery
 d - a +2 ring of slaying (left hand)
 j - an amulet of harm (around neck)
Wands
 m - a wand of random effects (27)
Scrolls
 b - a scroll of remove curse
 e - 4 scrolls of identify
Potions
 f - 3 potions of might
Comestibles
 c - 9 rations


   Skills:
 - Level 5.6 Fighting
 + Level 2.2 Axes
 + Level 2.2 Armour
 - Level 0.8 Dodging
 - Level 2.4 Invocations


You had 4 spell levels left.
You didn't know any spells.

Dungeon Overview and Level Annotations

Branches:
Dungeon (4/15)
 Temple: D:4-7

Altars:
Qazlal


Innate Abilities, Weirdness & Mutations

You have a pair of small horns on your head.
You sometimes gain a little power by taking damage.
You have sharp toenails.
Your spells are a little harder to cast, but a little more powerful.


Message History

Okay, then.
Blink to where?
Press: ? - help, Dir - move target cursor You are very lightly contaminated with residual magic.
As you read the scroll of blinking, it crumbles to dust.
Found a stone staircase leading up.
You feel yourself speed up.
A leopard gecko comes into view.
The leopard gecko hisses angrily.
A worker ant comes into view.
There is a stone staircase leading up here.
Found a stone staircase leading down.
A quokka and a centaur come into view.
The centaur shouts!
The quokka moves out of view.
The centaur wields a shortbow.
The centaur shoots an arrow.
The arrow hits you!
* * * LOW HITPOINT WARNING * * *
You see here an arrow.
The centaur shoots an arrow.
The arrow hits you!
You die...

....... ...... .....
####..c#
#..#...####.
#...........
#...........
#...@.>.....
#########.(.######.
##.#..#.##...##..
#....#<.O...al....
#....#............
#<...#.............
##ยง..####....##....
##### #....# ....
....... ...


You could see an ogre, a centaur, a worker ant and a leopard gecko.

Vanquished Creatures
  An orc priest (D:3)
  3 gnolls (D:3)
  4 adders (D:2)
  A worm (D:3)
  2 dart slugs
  3 leopard geckos
  3 orcs (D:3)
  A ball python (D:2)
  2 giant cockroaches
  11 goblins
  6 hobgoblins
  2 jackals (D:2)
  A quokka (D:2)
  7 bats
  5 frilled lizards
  12 kobolds
  6 rats
70 creatures vanquished.

Notes
Turn   | Place    | Note
-------+----------+-------------------------------------------
     0 | Abyss:1  | tyranidshit the Demonspawn Abyssal Knight began the quest for the Orb.
     0 | Abyss:1  | Reached XP level 1. HP: 18/18 MP: 2/2
    84 | Abyss:1  | Noticed a freezing wraith
    86 | D:1      | Escaped the Abyss
    89 | D:1      | Gained mutation: You have sharp toenails. [potion of mutation]
    89 | D:1      | Gained mutation: Your spells are a little harder to cast, but a little more powerful. [potion of mutation]
   216 | D:1      | Reached * piety under Lugonu
   354 | D:1      | Gained mutation: You have a pair of small horns on your head. [demonic ancestry]
   354 | D:1      | Reached XP level 2. HP: 20/24 MP: 3/3
   494 | D:1      | Reached skill level 4 in Fighting
   794 | D:2      | Reached XP level 3. HP: 28/31 MP: 4/4
   904 | D:2      | Reached ** piety under Lugonu
  1092 | D:2      | Reached skill level 5 in Fighting
  1092 | D:2      | Gained mutation: You sometimes gain a little power by taking damage. [demonic ancestry]
  1092 | D:2      | Reached XP level 4. HP: 36/39 MP: 5/5
  1612 | D:3      | Found a stormy altar of Qazlal.
  1653 | D:3      | Reached XP level 5. HP: 42/45 MP: 6/6
  1794 | D:3      | Reached *** piety under Lugonu
  2036 | D:4      | Noticed an ogre
  2045 | D:4      | Noticed a centaur
  2047 | D:4      | Shot with an arrow by a centaur

Skill      XL: |  1  2  3  4  5 |
---------------+----------------+-----
Fighting       | 4 5 |  5.6
Axes           | 2 |  2.2
Armour         | 2 |  2.2
Dodging        | |  0.8
Invocations    | |  2.4

Action                   |  1- 3 |  4- 6 || total
-------------------------+-------+-------++-------
Melee: Hand axe          |    54 |       ||    54
       Kick              |    10 |    13 ||    23
       Headbutt          |     4 |     3 ||     7
       Battleaxe         |    29 |    55 ||    84
Invok: Depart the Abyss  |     1 |       ||     1
  Use: Potion            |     4 |     1 ||     5
       Scroll            |     2 |     6 ||     8
 Stab: Sleeping          |     1 |       ||     1
  Eat: Chunk             |       |     2 ||     2
       Ration            |       |     1 ||     1
Armor: Leather armour    |    19 |    11 ||    30
       Chain mail        |       |    32 ||    32
Dodge: Dodged            |    63 |    33 ||    96
